 Dungeon Crawl Stone Soup version 0.29.0-4-gdea44cf6ec (webtiles) character file.

Game seed: 8719228327931493074

42676 qw the Severer (level 14, 0/92 HPs)
             Began as a Gargoyle Berserker on Sept 8, 2022.
             Was an Elder of Trog.
             Splashed with acid (12 damage)
             ... on level 5 of the Lair of Beasts.
             The game lasted 00:07:01 (20371 turns).

qw the Severer (Gargoyle Berserker)                Turns: 20371, Time: 00:07:02

Health: 0/92       AC: 20    Str: 26    XL:     14   Next: 20%
Magic:  14/14      EV: 13    Int:  8    God:    Trog [****..]
Gold:   555        SH:  6    Dex: 15    Spells: 13/13 levels left

rFire   + . .      SeeInvis .   Y - +0 broad axe
rCold   . . .      Faith    .   n - +0 buckler
rNeg    + . .      Spirit   .   f - +0 plate armour
rPois   inf        Reflect  .   s - +0 helmet
rElec   +          Harm     .   (no cloak)
rCorr   .          Rampage  .   g - +0 pair of gloves
Will    +....                   k - +2 pair of boots of Lies {Fly rF+}
Stlth   ..........              (no amulet)
HPRegen 0.25/turn               u - +4 ring of evasion
MPRegen 0.14/turn               b - +6 ring of dexterity

@: about to teleport, corroded, on berserk cooldown, flying, slowed, very slow
A: sickness immunity, AC +10, big wings, negative energy resistance 1,
electricity resistance, torment resistance 1, petrification resistance
a: Renounce Religion, Berserk, Trog's Hand, Brothers in Arms


You were on level 5 of the Lair of Beasts.
You worshipped Trog.
Trog was greatly pleased with you.
You visited 2 branches of the dungeon, and saw 14 of its levels.
You also visited: Sewer.

You collected 1062 gold pieces.
You spent 507 gold pieces at shops.


Innate Abilities, Weirdness & Mutations

You are immune to sickness and miasma.
Your stone body is resilient. (AC +10)
You are immune to poison.
Your large and strong wings let you fly.
You resist negative energy. (rN+)
You are resistant to electric shocks. (rElec)
You are resistant to unholy torment.
You are immune to petrification.


   Skills:
 - Level 12.0 Fighting
 + Level 15.6 Axes
 - Level 3.9 Throwing
 - Level 11.5 Armour
 - Level 4.2 Dodging
 - Level 7.7 Shields


You had 13 spell levels left.
You didn't know any spells.
Your spell library was empty.

Inventory:

Hand Weapons
 i - a +3 hand axe of flaming
 Y - a +0 broad axe (weapon)
Armour
 f - a +0 plate armour (worn)
 g - a +0 pair of gloves (worn)
 k - the +2 pair of boots of Lies (worn) {Fly rF+}
   (You acquired it on level 5 of the Dungeon)

   rF:        It protects you from fire.
   Fly:       It grants you flight.
 n - a +0 buckler (worn)
 s - a +0 helmet (worn)
Jewellery
 b - a +6 ring of dexterity (right hand)
 d - a ring of ice
 u - a +4 ring of evasion (left hand)
Wands
 p - a wand of digging (7)
Scrolls
 a - 9 scrolls of teleportation
 h - a scroll of silence {unknown}
 o - 3 scrolls of identify
Potions
 c - 3 potions of mutation
 e - 2 potions of cancellation
 j - 2 potions of heal wounds
 l - 5 potions of haste
 t - 7 potions of curing
 v - 3 potions of might

Dungeon Overview and Level Annotations

Branches:
Dungeon (9/15)             Temple (0/1) D:4            Lair (5/5) D:8
  Swamp (0/4) Lair:2        Snake (0/4) Lair:2        Slime (0/5) Lair:5
  Sewer (visited)
    Orc: D:9-12

Altars:
Dithmenos
Elyvilon
Kikubaaqudgha
Makhleb
Jiyva

Shops:
D:1 :   D:4 (   D:8 [

Annotations:
D:2 1 runed translucent door, Crazy Yiuf
D:6 2 transporters, qw's ghost, novice MiBe


Message History

The oklob plant is heavily damaged.
You slice the oklob plant!!
The oklob plant is almost destroyed.
The oklob plant spits acid at you.
The splash of acid hits you but does no damage.
You slash the oklob plant!
You destroy the oklob plant!
Trog accepts your kill.
You are splashed with acid.
The oklob plant spits acid at you. The splash of acid hits you!
The acid corrodes you!
You slice the oklob plant!!
The oklob plant is moderately damaged.
You are splashed with acid.
You hit the oklob plant.
The oklob plant is moderately damaged.
You are splashed with acid.
You slash the oklob plant!
The oklob plant is heavily damaged.
You are splashed with acid.
You are no longer berserk.
You are exhausted.
You feel yourself slow down.
You hit the oklob plant but do no damage.
The oklob plant is heavily damaged.
You are splashed with acid!
The oklob plant spits acid at you. The splash of acid misses you.
The oklob plant spits acid at you. The splash of acid misses you.
You hit the oklob plant.
The oklob plant is heavily damaged.
You are splashed with acid.
The oklob plant spits acid at you. The splash of acid hits you!!
The acid corrodes you!
20371 ||| READING 10 scrolls of teleportation.
As you read the scroll of teleportation, it crumbles to dust.
You feel strangely unstable.
You are splashed with acid!
You die...

########
####......#####
####...........#.#
#P@.......#.....#
#...._...##......#
#..>...#####.....#
##....#.###.....##
#..######....^.#
#####.##.....###
##......##
##....####
#.......#


You could see an oklob plant.

Vanquished Creatures
  Snorg (Lair:5)
  4 hydras
  A catoblepas (Lair:5)
  Urug (Lair:5)
  2 oklob plants (Lair:5)
  3 elephants (Lair:4)
  4 black mambas
  A torpor snail (Lair:4)
  12 cane toads
  7 komodo dragons
  A hornet (D:8)
  A tyrant leech (Lair:2)
  5 polar bears
  Grinder (D:5)
  A raiju (Lair:5)
  9 blink frogs
  3 dream sheep (Lair:4)
  Sigmund (D:4)
  32 yaks
  3 wyverns
  Eustachio (D:5)
  4 humans (D:7)
  5 basilisks
  2 vampire mosquitoes (D:8)
  Menkaure (D:7)
  A warg (Lair:5)
  Duvessa (D:5)
  A naga (Lair:2)
  4 hell hounds (Lair:5)
  17 water moccasins
  An acid dragon (D:5)
  2 sky beasts
  An orc warrior (D:9)
  9 black bears
  8 wolves
  2 centaurs
  4 kobold brigands
  2 phantoms
  Blork the orc (D:4)
  2 necrophages
  2 scorpions
  14 bullfrogs
  2 gnoll sergeants
  13 wights
  4 jellies
  Dowan (D:5)
  5 killer bees (D:9)
  9 electric eels
  5 hounds
  A gnoll bouda (D:7)
  4 orc priests
  Jessica (D:2)
  3 iguanas
  6 orc wizards
  Natasha (thrice) (D:4)
  5 hell rats (Lair:3)
  13 gnolls
  9 adders
  2 shadow imps (D:4)
  4 worms
  A dart slug (D:1)
  24 orcs
  6 ball pythons
  9 endoplasms
  6 giant cockroaches
  34 goblins
  30 hobgoblins
  4 jackals (D:2)
  3 quokkas
  6 bats
  3 frilled lizards
  31 kobolds
  5 rats
430 creatures vanquished.

Vanquished Creatures (collateral kills)
  3 hydras
  A boulder beetle (Lair:2)
  3 blink frogs
  A wyvern (Lair:5)
  A basilisk (Lair:5)
  A naga (Lair:2)
  A bullfrog (Lair:1)
11 creatures vanquished.

Vanquished Creatures (others)
  A centaur (D:8)
  63 fungi
  78 plants
142 creatures vanquished.

Grand Total: 583 creatures vanquished

Notes
Turn   | Place    | Note
-------+----------+-------------------------------------------
     0 | D:1      | qw the Gargoyle Berserker began the quest for the Orb.
     0 | D:1      | Reached XP level 1. HP: 14/14 MP: 1/1
     0 | D:1      | 0 ||| qw: Version: 0.1-a-112-g44dc6cd
     0 | D:1      | 0 ||| qw: Game counter: 6697
     0 | D:1      | 0 ||| qw: Always use a shield: true
     0 | D:1      | 0 ||| qw: Do Orc after D:15 true
     0 | D:1      | 0 ||| qw: Do second Lair branch before Depths: true
     0 | D:1      | 0 ||| qw: Lair rune preference: random
     0 | D:1      | 0 ||| qw: Plans: Normal
     0 | D:1      | 0 ||| PLANNING D:1-11
   198 | D:1      | Reached skill level 3 in Axes
   213 | D:1      | Reached XP level 2. HP: 17/19 MP: 2/2
   502 | D:1      | Found Ymnaew's Vocational Training.
   519 | D:1      | 519 ||| Stepping ~*~*~tactically~*~*~ (stealth).
   838 | D:1      | Reached ** piety under Trog
   972 | D:1      | 972 ||| READING scroll labelled AFEIBL HEKHLIS.
   973 | D:1      | 973 ||| READING scroll labelled HAOCHEESYA.
  1022 | D:1      | 1022 ||| READING scroll labelled NOHUABUNIA.
  1023 | D:1      | 1023 ||| READING scroll labelled XAMNUI CUQYUSE.
  1026 | D:1      | 1026 ||| DRINKING 2 bubbling yellow potions.
  1131 | D:1      | 1131 ||| DRINKING 3 yellow potions.
  1132 | D:1      | 1132 ||| DROPPING potion of berserk rage.
  1133 | D:1      | 1133 ||| DROPPING 2 potions of brilliance.
  1160 | D:2      | Reached XP level 3. HP: 23/23 MP: 3/3
  1187 | D:2      | 1187 ||| READING scroll of enchant weapon.
  1187 | D:2      | 1187 ||| ENCHANTING +1 hand axe.
  1320 | D:2      | 1320 ||| FLEEEEING.
  1345 | D:2      | 1345 ||| FLEEEEING.
  1346 | D:2      | 1346 ||| FLEEEEING.
  1347 | D:2      | 1347 ||| FLEEEEING.
  1348 | D:2      | 1348 ||| FLEEEEING.
  1349 | D:2      | 1349 ||| FLEEEEING.
  1350 | D:2      | 1350 ||| FLEEEEING.
  1351 | D:2      | 1351 ||| FLEEEEING.
  1439 | D:2      | 1439 ||| READING scroll of enchant weapon.
  1439 | D:2      | 1439 ||| ENCHANTING +2 hand axe.
  1499 | D:2      | Reached skill level 4 in Axes
  1673 | D:2      | Noticed Jessica
  1674 | D:2      | 1674 ||| Stepping ~*~*~tactically~*~*~ (hiding).
  1675 | D:2      | 1675 ||| Stepping ~*~*~tactically~*~*~ (hiding).
  1698 | D:2      | Killed Jessica
  1699 | D:2      | Reached XP level 4. HP: 17/28 MP: 4/4
  1997 | D:2      | Found a runed translucent door.
  1998 | D:2      | Noticed Crazy Yiuf
  2323 | D:2      | 2323 ||| UPGRADING to +0 ring mail.
  2333 | D:2      | 2333 ||| DROPPING +0 animal skin.
  2334 | D:2      | 2334 ||| UPGRADING to +0 pair of boots.
  2339 | D:2      | 2339 ||| READING scroll labelled JUEHED XIDODY.
  2340 | D:2      | 2340 ||| DROPPING +0 whip.
  2341 | D:2      | 2341 ||| READING scroll labelled IKERCH YSTU.
  2342 | D:2      | 2342 ||| DRINKING 2 fizzy ruby potions.
  2380 | D:2      | 2380 ||| DROPPING potion of lignification.
  2576 | D:3      | You fall into a shaft and drop 3 floors!
  2576 | D:6      | Found a white marble altar of Elyvilon.
  2580 | D:6      | 2580 ||| INVOKING Berserk.
  2583 | D:6      | Reached skill level 5 in Axes
  2709 | D:6      | Reached XP level 5. HP: 29/32 MP: 5/5
  2737 | D:6      | Noticed a black bear
  2738 | D:6      | Noticed a black bear
  2739 | D:6      | Noticed a water moccasin
  2739 | D:6      | Noticed qw's ghost (novice MiBe)
  2739 | D:6      | Noticed a shadow
  2741 | D:6      | Found a transporter.
  2750 | D:6      | Found a transporter.
  2760 | D:6      | Noticed a centaur
  2761 | D:6      | 2761 ||| Stepping ~*~*~tactically~*~*~ (hiding).
  2762 | D:6      | 2762 ||| Stepping ~*~*~tactically~*~*~ (hiding).
  2767 | D:6      | Killed a centaur
  2909 | D:6      | 2909 ||| INVOKING Berserk.
  2912 | D:6      | Reached XP level 6. HP: 22/39 MP: 6/6
  2945 | D:6      | 2945 ||| INVOKING Berserk.
  2950 | D:6      | HP: 11/58 [necrophage (5)]
  2956 | D:6      | Reached *** piety under Trog
  3211 | D:6      | 3211 ||| Stepping ~*~*~tactically~*~*~ (hiding).
  3213 | D:6      | 3213 ||| Stepping ~*~*~tactically~*~*~ (stealth).
  3249 | D:6      | Reached skill level 6 in Axes
  3254 | D:6      | 3254 ||| INVOKING Berserk.
  3487 | D:6      | Reached **** piety under Trog
  3714 | D:6      | 3714 ||| INVOKING Berserk.
  3833 | D:6      | Reached XP level 7. HP: 44/44 MP: 7/7
  3883 | D:6      | 3883 ||| INVOKING Berserk.
  3935 | D:6      | 3935 ||| INVOKING Berserk.
  3938 | D:6      | Reached skill level 7 in Axes
  3945 | D:6      | 3945 ||| Stepping ~*~*~tactically~*~*~ (water).
  4146 | D:6      | 4146 ||| Stepping ~*~*~tactically~*~*~ (hiding).
  4234 | D:6      | Found a burning altar of Makhleb.
  4234 | D:6      | Noticed a blizzard demon
  4237 | D:6      | Noticed a neqoxec
  4237 | D:6      | Noticed a neqoxec
  4297 | D:6      | 4297 ||| UPGRADING to +0 chain mail.
  4307 | D:6      | 4307 ||| DROPPING +0 ring mail.
  4308 | D:6      | 4308 ||| UPGRADING to +6 ring of dexterity.
  4309 | D:6      | 4309 ||| READING 2 scrolls labelled BIEPE GIARPH.
  4310 | D:6      | 4310 ||| READING scroll labelled REIRIE KICUECE.
  4311 | D:6      | 4311 ||| DROPPING scroll of summoning.
  4321 | D:5      | Entered Level 5 of the Dungeon
  4344 | D:5      | Noticed Eustachio
  4345 | D:5      | 4345 ||| Stepping ~*~*~tactically~*~*~ (hiding).
  4348 | D:5      | 4348 ||| Stepping ~*~*~tactically~*~*~ (hiding).
  4353 | D:5      | 4353 ||| INVOKING Berserk.
  4362 | D:5      | Reached skill level 3 in Armour
  4376 | D:5      | HP: 11/44 [quasit[Eustachio] (2)]
  4377 | D:5      | 4377 ||| READING scroll of teleportation.
  4645 | D:5      | Noticed Duvessa
  4645 | D:5      | Noticed Dowan
  4646 | D:5      | 4646 ||| INVOKING Berserk.
  4652 | D:5      | Killed Duvessa
  4653 | D:5      | Reached XP level 8. HP: 49/49 MP: 8/8
  4655 | D:5      | Killed Dowan
  4760 | D:5      | 4760 ||| Stepping ~*~*~tactically~*~*~ (stealth).
  4761 | D:5      | 4761 ||| Stepping ~*~*~tactically~*~*~ (stealth).
  4787 | D:5      | 4787 ||| READING scroll labelled FETUZA VUWNYA.
  4801 | D:4      | 4801 ||| PLANNING SEWER
  4804 | D:4      | Identified the ring of Tixuadu {rElec rCorr Str-2 Dex+6
                  | Stlth+}
  4840 | D:4      | Noticed Natasha
  4841 | D:4      | 4841 ||| Stepping ~*~*~tactically~*~*~ (hiding).
  4850 | D:4      | Killed Natasha
  4855 | D:4      | 4855 ||| DROPPING +2 vorpal hand axe.
  4871 | D:4      | Reached skill level 8 in Axes
  4878 | D:4      | Found a glowing drain.
  4886 | D:4      | 4886 ||| UPGRADING to ring of Tixuadu {rElec rCorr Str-2
                  | Dex+6 Stlth+}.
  4890 | D:4      | 4890 ||| Stepping ~*~*~tactically~*~*~ (stealth).
  4891 | D:4      | 4891 ||| Stepping ~*~*~tactically~*~*~ (stealth).
  4892 | D:4      | 4892 ||| Stepping ~*~*~tactically~*~*~ (stealth).
  4914 | Sewer    | Entered a sewer
  4941 | Sewer    | 4941 ||| Stepping ~*~*~tactically~*~*~ (water).
  5235 | Sewer    | Reached skill level 6 in Fighting
  5261 | Sewer    | 5261 ||| DRINKING 2 blue potions.
  5265 | D:4      | 5265 ||| PLANNING D:1-11
  5276 | D:4      | Found Neosh's Antique Weapon Boutique.
  5284 | D:4      | 5284 ||| BUYING glowing war axe (195 gold).
  5284 | D:4      | Bought a glowing war axe for 195 gold pieces
  5284 | D:4      | 5284 ||| SHOPLISTING runed broad axe (210 gold, have 119).
  5284 | D:4      | 5284 ||| SWAPPING to +3 war axe.
  5354 | D:4      | Found a shadowy altar of Dithmenos.
  5426 | D:4      | Noticed Sigmund
  5430 | D:4      | 5430 ||| INVOKING Berserk.
  5433 | D:4      | Killed Sigmund
  5522 | D:4      | Noticed Natasha
  5530 | D:4      | Killed Natasha
  6508 | D:4      | 6508 ||| Stepping ~*~*~tactically~*~*~ (hiding).
  6562 | D:4      | Noticed Blork the orc
  6564 | D:4      | 6564 ||| INVOKING Berserk.
  6572 | D:4      | Killed Blork the orc
  6654 | D:4      | Found a staircase to the Ecumenical Temple.
  6718 | D:4      | Noticed Natasha
  6719 | D:4      | 6719 ||| Stepping ~*~*~tactically~*~*~ (stealth).
  6720 | D:4      | 6720 ||| Stepping ~*~*~tactically~*~*~ (stealth).
  6725 | D:4      | Killed Natasha
  6960 | D:4      | 6960 ||| READING 2 scrolls of identify.
  6960 | D:4      | 6960 ||| IDENTIFYING viscous clear potion
  6985 | D:5      | 6985 ||| INVOKING Berserk.
  6992 | D:5      | Reached XP level 9. HP: 55/55 MP: 9/9
  7046 | D:5      | 7046 ||| INVOKING Berserk.
  7050 | D:5      | Killed Eustachio
  7051 | D:5      | Reached skill level 9 in Axes
  7221 | D:5      | 7221 ||| Stepping ~*~*~tactically~*~*~ (stealth).
  7222 | D:5      | 7222 ||| Stepping ~*~*~tactically~*~*~ (stealth).
  7229 | D:5      | 7229 ||| DRINKING potion of curing.
  7229 | D:5      | 7229 ||| (to cure confusion)
  7387 | D:5      | Noticed Grinder
  7388 | D:5      | 7388 ||| Stepping ~*~*~tactically~*~*~ (hiding).
  7393 | D:5      | 7393 ||| INVOKING Trog's Hand.
  7394 | D:5      | 7394 ||| INVOKING Berserk.
  7403 | D:5      | Killed Grinder
  7661 | D:5      | 7661 ||| READING scroll of enchant weapon.
  7661 | D:5      | 7661 ||| ENCHANTING +3 war axe.
  7729 | D:5      | 7729 ||| READING scroll labelled ANA CITUIHAWU.
  7730 | D:5      | 7730 ||| READING scroll labelled UTUISI GEMOO.
  7731 | D:5      | 7731 ||| READING scroll labelled YLOISUNEMI.
  7731 | D:5      | Identified a scroll of acquirement
  7731 | D:5      | 7731 ||| ACQUIRING +2 pair of boots of Lies {Fly rF+}
  7731 | D:5      | Acquired the +2 pair of boots of Lies {Fly rF+}
  7733 | D:5      | 7733 ||| UPGRADING to +2 pair of boots of Lies {Fly rF+}.
  7743 | D:5      | 7743 ||| DROPPING +0 pair of boots.
  7744 | D:5      | 7744 ||| READING scroll labelled LOUT DA QAPYX.
  7745 | D:5      | 7745 ||| DRINKING 2 sapphire potions.
  7746 | D:5      | 7746 ||| DROPPING potion of degeneration.
  7827 | D:6      | Reached skill level 1 in Throwing
  7894 | D:6      | 7894 ||| INVOKING Berserk.
  8014 | D:6      | 8014 ||| INVOKING Berserk.
  8147 | D:6      | 8147 ||| INVOKING Berserk.
  8489 | D:6      | 8489 ||| DRINKING 2 puce potions.
  8490 | D:6      | 8490 ||| DRINKING 2 murky black potions.
  8491 | D:6      | 8491 ||| DROPPING potion of attraction.
  8524 | D:7      | 8524 ||| STAIRDANCE
  8529 | D:7      | 8529 ||| STAIRDANCE
  8549 | D:7      | 8549 ||| STAIRDANCE
  8563 | D:7      | 8563 ||| STAIRDANCE
  8634 | D:7      | 8634 ||| Stepping ~*~*~tactically~*~*~ (hiding).
  8641 | D:7      | 8641 ||| INVOKING Berserk.
  8645 | D:7      | Reached skill level 10 in Axes
  8647 | D:7      | Reached skill level 3 in Dodging
  8815 | D:7      | 8815 ||| FLEEEEING.
  8821 | D:7      | 8821 ||| FLEEEEING.
  8822 | D:7      | 8822 ||| FLEEEEING.
  8823 | D:7      | 8823 ||| FLEEEEING.
  8824 | D:7      | 8824 ||| FLEEEEING.
  8828 | D:7      | 8828 ||| FLEEEEING.
  8829 | D:7      | 8829 ||| FLEEEEING.
  8832 | D:7      | 8832 ||| FLEEEEING.
  8833 | D:7      | 8833 ||| FLEEEEING.
  8834 | D:7      | 8834 ||| FLEEEEING.
  8835 | D:7      | 8835 ||| STAIRDANCE
  8924 | D:7      | 8924 ||| INVOKING Berserk.
  9058 | D:7      | Reached XP level 10. HP: 64/64 MP: 10/10
  9113 | D:7      | Noticed Menkaure
  9114 | D:7      | 9114 ||| Stepping ~*~*~tactically~*~*~ (hiding).
  9115 | D:7      | 9115 ||| Stepping ~*~*~tactically~*~*~ (hiding).
  9119 | D:7      | 9119 ||| INVOKING Berserk.
  9121 | D:7      | Killed Menkaure
  9137 | D:7      | 9137 ||| Stepping ~*~*~tactically~*~*~ (stealth).
  9391 | D:7      | 9391 ||| Stepping ~*~*~tactically~*~*~ (stealth).
  9395 | D:7      | Found an ancient bone altar of Kikubaaqudgha.
  9396 | D:7      | 9396 ||| Stepping ~*~*~tactically~*~*~ (hiding).
  9402 | D:7      | Reached ***** piety under Trog
  9608 | D:7      | 9608 ||| Stepping ~*~*~tactically~*~*~ (stealth).
  9612 | D:7      | 9612 ||| Stepping ~*~*~tactically~*~*~ (stealth).
  9613 | D:7      | 9613 ||| Stepping ~*~*~tactically~*~*~ (stealth).
  9614 | D:7      | 9614 ||| Stepping ~*~*~tactically~*~*~ (stealth).
  9619 | D:7      | 9619 ||| FLEEEEING.
  9620 | D:7      | 9620 ||| FLEEEEING.
  9621 | D:7      | 9621 ||| FLEEEEING.
  9622 | D:7      | 9622 ||| FLEEEEING.
  9623 | D:7      | 9623 ||| FLEEEEING.
  9624 | D:7      | 9624 ||| FLEEEEING.
  9625 | D:7      | 9625 ||| FLEEEEING.
  9626 | D:7      | 9626 ||| FLEEEEING.
  9627 | D:7      | 9627 ||| FLEEEEING.
  9628 | D:7      | 9628 ||| FLEEEEING.
  9629 | D:7      | 9629 ||| FLEEEEING.
  9630 | D:7      | 9630 ||| FLEEEEING.
  9631 | D:7      | 9631 ||| FLEEEEING.
  9672 | D:7      | 9672 ||| Stepping ~*~*~tactically~*~*~ (stealth).
 10278 | D:7      | 10278 ||| INVOKING Berserk.
 10281 | D:7      | Reached skill level 11 in Axes
 10566 | D:7      | 10566 ||| UPGRADING to +0 buckler.
 10605 | D:8      | 10605 ||| Stepping ~*~*~tactically~*~*~ (stealth).
 10616 | D:8      | Reached skill level 1 in Shields
 10618 | D:8      | 10618 ||| INVOKING Berserk.
 10627 | D:8      | Reached skill level 3 in Shields
 10659 | D:8      | 10659 ||| Stepping ~*~*~tactically~*~*~ (stealth).
 10664 | D:8      | 10664 ||| FLEEEEING.
 10665 | D:8      | 10665 ||| FLEEEEING.
 10666 | D:8      | 10666 ||| FLEEEEING.
 10669 | D:8      | 10669 ||| STAIRDANCE
 10710 | D:8      | Found a staircase to the Lair.
 10723 | D:8      | 10723 ||| INVOKING Berserk.
 10926 | D:8      | Reached skill level 9 in Fighting
 11087 | D:8      | 11087 ||| INVOKING Berserk.
 11245 | D:8      | Found Teowajit's Antique Armour Emporium.
 11254 | D:8      | 11254 ||| BUYING glowing orb (312 gold).
 11254 | D:8      | Bought a glowing orb for 312 gold pieces
 11254 | D:8      | 11254 ||| SHOPLISTING shiny orb (312 gold, have 58).
 11600 | D:8      | 11600 ||| DROPPING orb of mayhem.
 11601 | D:8      | 11601 ||| UPGRADING to +0 helmet.
 11606 | D:8      | 11606 ||| READING scroll labelled BYETEK UCHIL.
 11641 | D:9      | 11641 ||| STAIRDANCE
 11662 | D:9      | 11662 ||| INVOKING Berserk.
 11668 | D:9      | Reached skill level 6 in Armour
 11917 | D:9      | 11917 ||| Stepping ~*~*~tactically~*~*~ (stealth).
 11920 | D:9      | 11920 ||| Stepping ~*~*~tactically~*~*~ (stealth).
 12019 | D:9      | Reached XP level 11. HP: 65/71 MP: 11/11
 12149 | D:9      | 12149 ||| Stepping ~*~*~tactically~*~*~ (stealth).
 12151 | D:9      | 12151 ||| Stepping ~*~*~tactically~*~*~ (stealth).
 12153 | D:9      | 12153 ||| Stepping ~*~*~tactically~*~*~ (stealth).
 12226 | D:9      | 12226 ||| INVOKING Berserk.
 12587 | D:9      | 12587 ||| INVOKING Berserk.
 12736 | D:9      | Identified the +9 quick blade of Hell's Wrath {elec, Str+7
                  | Stlth-}
 12833 | D:9      | 12833 ||| Stepping ~*~*~tactically~*~*~ (stealth).
 12839 | D:9      | 12839 ||| Stepping ~*~*~tactically~*~*~ (stealth).
 12843 | D:9      | 12843 ||| Stepping ~*~*~tactically~*~*~ (hiding).
 13011 | D:9      | 13011 ||| UPGRADING to +0 plate armour.
 13021 | D:9      | 13021 ||| DROPPING +0 chain mail.
 13022 | D:9      | 13022 ||| UPGRADING to +4 ring of evasion.
 13024 | D:9      | 13024 ||| UPGRADING to +6 ring of dexterity.
 13026 | D:9      | 13026 ||| DROPPING ring of Tixuadu {rElec rCorr Str-2 Dex+6
                  | Stlth+}.
 13027 | D:9      | 13027 ||| READING scroll labelled JADURUEVIS.
 13028 | D:9      | 13028 ||| READING 4 scrolls of identify.
 13028 | D:9      | 13028 ||| IDENTIFYING metallic purple potion
 13029 | D:9      | 13029 ||| READING 3 scrolls of identify.
 13029 | D:9      | 13029 ||| IDENTIFYING red potion
 13030 | D:9      | 13030 ||| READING 2 scrolls of identify.
 13030 | D:9      | 13030 ||| IDENTIFYING metallic sapphire potion
 13031 | D:9      | 13031 ||| DRINKING potion of experience.
 13031 | D:9      | Reached XP level 12. HP: 76/76 MP: 12/12
 13032 | D:9      | 13032 ||| DROPPING potion of invisibility.
 13033 | D:9      | 13033 ||| DROPPING potion of ambrosia.
 13081 | D:8      | 13081 ||| PLANNING LAIR
 13109 | Lair:1   | Entered Level 1 of the Lair of Beasts
 13150 | Lair:1   | Reached skill level 12 in Axes
 13155 | Lair:1   | 13155 ||| INVOKING Berserk.
 13302 | Lair:1   | Noticed an eight-headed hydra
 13303 | Lair:1   | 13303 ||| INVOKING Brothers in Arms.
 13305 | Lair:1   | 13305 ||| SWAPPING to +3 hand axe of flaming.
 13307 | Lair:1   | 13307 ||| INVOKING Berserk.
 13311 | Lair:1   | Killed a four-headed hydra
 13312 | Lair:1   | Reached skill level 6 in Shields
 13329 | Lair:1   | 13329 ||| SWAPPING to +4 war axe.
 13498 | Lair:1   | 13498 ||| Stepping ~*~*~tactically~*~*~ (stealth).
 13576 | Lair:1   | 13576 ||| INVOKING Berserk.
 13583 | Lair:1   | 13583 ||| INVOKING Brothers in Arms.
 13722 | Lair:1   | 13722 ||| INVOKING Berserk.
 13845 | Lair:1   | 13845 ||| Stepping ~*~*~tactically~*~*~ (stealth).
 14360 | Lair:1   | 14360 ||| UPGRADING to +0 pair of gloves.
 14402 | Lair:2   | 14402 ||| STAIRDANCE
 14418 | Lair:2   | 14418 ||| STAIRDANCE
 14438 | Lair:2   | 14438 ||| STAIRDANCE
 14458 | Lair:2   | 14458 ||| STAIRDANCE
 14550 | Lair:2   | Noticed a boulder beetle
 14551 | Lair:2   | 14551 ||| INVOKING Brothers in Arms.
 14553 | Lair:2   | 14553 ||| INVOKING Berserk.
 14558 | Lair:2   | Killed a boulder beetle
 14559 | Lair:2   | Reached skill level 13 in Axes
 14720 | Lair:2   | Noticed a four-headed hydra
 14722 | Lair:2   | 14722 ||| INVOKING Brothers in Arms.
 14723 | Lair:2   | 14723 ||| INVOKING Brothers in Arms.
 14724 | Lair:2   | 14724 ||| SWAPPING to +3 hand axe of flaming.
 14725 | Lair:2   | 14725 ||| INVOKING Berserk.
 14726 | Lair:2   | Killed a three-headed hydra
 14738 | Lair:2   | 14738 ||| SWAPPING to +4 war axe.
 14819 | Lair:2   | Found a staircase to the Snake Pit.
 14845 | Lair:2   | 14845 ||| Stepping ~*~*~tactically~*~*~ (hiding).
 14846 | Lair:2   | 14846 ||| SWAPPING to +0 broad axe.
 14850 | Lair:2   | 14850 ||| INVOKING Berserk.
 14963 | Lair:2   | 14963 ||| DROPPING +4 war axe.
 15271 | Lair:2   | Noticed a seven-headed hydra
 15272 | Lair:2   | 15272 ||| INVOKING Brothers in Arms.
 15274 | Lair:2   | 15274 ||| INVOKING Brothers in Arms.
 15275 | Lair:2   | 15275 ||| SWAPPING to +3 hand axe of flaming.
 15276 | Lair:2   | 15276 ||| INVOKING Berserk.
 15280 | Lair:2   | Killed a three-headed hydra
 15333 | Lair:2   | 15333 ||| SWAPPING to +0 broad axe.
 15335 | Lair:2   | Found a staircase to the Swamp.
 15493 | Lair:2   | 15493 ||| INVOKING Berserk.
 15691 | Lair:2   | Identified the +1 leather armour of Araiq {rC+ rN+ SInv}
 16179 | Lair:2   | 16179 ||| DRINKING 2 murky puce potions.
 16180 | Lair:2   | 16180 ||| DRINKING 2 purple potions.
 16181 | Lair:2   | 16181 ||| READING 3 scrolls of identify.
 16181 | Lair:2   | 16181 ||| IDENTIFYING silvery potion
 16182 | Lair:2   | 16182 ||| DROPPING potion of magic.
 16183 | Lair:2   | 16183 ||| DROPPING potion of flight.
 16230 | Lair:3   | Reached XP level 13. HP: 70/82 MP: 13/13
 16334 | Lair:3   | 16334 ||| Stepping ~*~*~tactically~*~*~ (stealth).
 16335 | Lair:3   | 16335 ||| Stepping ~*~*~tactically~*~*~ (stealth).
 16429 | Lair:3   | Reached skill level 14 in Axes
 16524 | Lair:3   | 16524 ||| Stepping ~*~*~tactically~*~*~ (stealth).
 16678 | Lair:3   | 16678 ||| Stepping ~*~*~tactically~*~*~ (stealth).
 16681 | Lair:3   | 16681 ||| Stepping ~*~*~tactically~*~*~ (stealth).
 16730 | Lair:3   | 16730 ||| INVOKING Brothers in Arms.
 16731 | Lair:3   | 16731 ||| INVOKING Brothers in Arms.
 16732 | Lair:3   | 16732 ||| INVOKING Brothers in Arms.
 16733 | Lair:3   | 16733 ||| INVOKING Brothers in Arms.
 16734 | Lair:3   | 16734 ||| SWAPPING to +3 hand axe of flaming.
 16735 | Lair:3   | 16735 ||| INVOKING Berserk.
 16759 | Lair:3   | 16759 ||| SWAPPING to +0 broad axe.
 16801 | Lair:3   | 16801 ||| Stepping ~*~*~tactically~*~*~ (stealth).
 16899 | Lair:3   | 16899 ||| Stepping ~*~*~tactically~*~*~ (stealth).
 16974 | Lair:3   | 16974 ||| Stepping ~*~*~tactically~*~*~ (stealth).
 16975 | Lair:3   | 16975 ||| Stepping ~*~*~tactically~*~*~ (stealth).
 17477 | Lair:4   | 17477 ||| PLANNING GAUNTLET
 17480 | Lair:4   | 17480 ||| Stepping ~*~*~tactically~*~*~ (stealth).
 17483 | Lair:4   | 17483 ||| Stepping ~*~*~tactically~*~*~ (stealth).
 17492 | Lair:4   | 17492 ||| INVOKING Berserk.
 17638 | Lair:4   | 17638 ||| INVOKING Berserk.
 17746 | Lair:4   | 17746 ||| Stepping ~*~*~tactically~*~*~ (stealth).
 17747 | Lair:4   | 17747 ||| Stepping ~*~*~tactically~*~*~ (stealth).
 17751 | Lair:4   | 17751 ||| INVOKING Berserk.
 17890 | Lair:4   | 17890 ||| RIP GAUNTLET
 17897 | Lair:4   | 17897 ||| PLANNING LAIR
 17898 | Lair:4   | 17898 ||| Stepping ~*~*~tactically~*~*~ (stealth).
 17899 | Lair:4   | 17899 ||| Stepping ~*~*~tactically~*~*~ (stealth).
 17900 | Lair:4   | 17900 ||| INVOKING Berserk.
 17969 | Lair:4   | 17969 ||| Stepping ~*~*~tactically~*~*~ (stealth).
 18004 | Lair:4   | 18004 ||| SWAPPING to +3 hand axe of flaming.
 18005 | Lair:4   | 18005 ||| INVOKING Berserk.
 18045 | Lair:4   | 18045 ||| SWAPPING to +0 broad axe.
 18401 | Lair:4   | 18401 ||| INVOKING Berserk.
 18519 | Lair:4   | Found a white marble altar of Elyvilon.
 18533 | Lair:4   | 18533 ||| SWAPPING to +3 hand axe of flaming.
 18534 | Lair:4   | 18534 ||| INVOKING Berserk.
 18543 | Lair:4   | 18543 ||| SWAPPING to +0 broad axe.
 18771 | Lair:4   | Reached skill level 15 in Axes
 18956 | Lair:4   | 18956 ||| DROPPING ring of resist corrosion.
 18957 | Lair:4   | 18957 ||| READING scroll labelled DISIOP YPNAETY.
 18982 | Lair:5   | Entered Level 5 of the Lair of Beasts
 19031 | Lair:5   | 19031 ||| INVOKING Berserk.
 19118 | Lair:5   | Noticed Urug
 19120 | Lair:5   | 19120 ||| Stepping ~*~*~tactically~*~*~ (stealth).
 19122 | Lair:5   | 19122 ||| Stepping ~*~*~tactically~*~*~ (stealth).
 19127 | Lair:5   | 19127 ||| INVOKING Berserk.
 19133 | Lair:5   | Killed Urug
 19134 | Lair:5   | Reached skill level 12 in Fighting
 19256 | Lair:5   | 19256 ||| INVOKING Berserk.
 19408 | Lair:5   | 19408 ||| Stepping ~*~*~tactically~*~*~ (hiding).
 19422 | Lair:5   | 19422 ||| Stepping ~*~*~tactically~*~*~ (stealth).
 19430 | Lair:5   | Reached skill level 3 in Throwing
 19529 | Lair:5   | Noticed Snorg
 19533 | Lair:5   | 19533 ||| INVOKING Berserk.
 19545 | Lair:5   | Killed Snorg
 19553 | Lair:5   | 19553 ||| INVOKING Brothers in Arms.
 19554 | Lair:5   | 19554 ||| INVOKING Brothers in Arms.
 19555 | Lair:5   | 19555 ||| INVOKING Brothers in Arms.
 19556 | Lair:5   | 19556 ||| SWAPPING to +3 hand axe of flaming.
 19558 | Lair:5   | Gained mutation: Your large and strong wings let you fly.
                  | [Gargoyle growth]
 19558 | Lair:5   | Reached XP level 14. HP: 68/92 MP: 14/14
 19558 | Lair:5   | 19558 ||| SWAPPING to +0 broad axe.
 19660 | Lair:5   | 19660 ||| INVOKING Berserk.
 19824 | Lair:5   | 19824 ||| Stepping ~*~*~tactically~*~*~ (stealth).
 19825 | Lair:5   | 19825 ||| Stepping ~*~*~tactically~*~*~ (stealth).
 19829 | Lair:5   | 19829 ||| Stepping ~*~*~tactically~*~*~ (hiding).
 19863 | Lair:5   | 19863 ||| Stepping ~*~*~tactically~*~*~ (stealth).
 19864 | Lair:5   | 19864 ||| Stepping ~*~*~tactically~*~*~ (stealth).
 19908 | Lair:5   | 19908 ||| INVOKING Berserk.
 19928 | Lair:5   | HP: 18/92 [black mamba (6)]
 19929 | Lair:5   | 19929 ||| READING 11 scrolls of teleportation.
 19930 | Lair:5   | 19930 ||| DRINKING 3 potions of heal wounds.
 19932 | Lair:5   | 19932 ||| Stepping ~*~*~tactically~*~*~ (stealth).
 20125 | Lair:5   | 20125 ||| Stepping ~*~*~tactically~*~*~ (stealth).
 20131 | Lair:5   | 20131 ||| Stepping ~*~*~tactically~*~*~ (stealth).
 20140 | Lair:5   | 20140 ||| Stepping ~*~*~tactically~*~*~ (stealth).
 20158 | Lair:5   | 20158 ||| Stepping ~*~*~tactically~*~*~ (stealth).
 20161 | Lair:5   | 20161 ||| Stepping ~*~*~tactically~*~*~ (stealth).
 20162 | Lair:5   | 20162 ||| Stepping ~*~*~tactically~*~*~ (stealth).
 20350 | Lair:5   | Found a viscous altar of Jiyva.
 20350 | Lair:5   | Found a staircase to the Slime Pits.
 20355 | Lair:5   | 20355 ||| INVOKING Berserk.
 20370 | Lair:5   | HP: 12/92 [oklob plant/splash of acid (18)]
 20371 | Lair:5   | 20371 ||| READING 10 scrolls of teleportation.
 20371 | Lair:5   | Splashed with acid

Levels and vault maps discovered:
D:1:      lightli_arrival_flooded_house, layout_basic, nicolae_shop_vocational
D:2:      layout_basic, uniq_crazy_yiuf_cottage, uniq_jessica
D:3:      layout_basic, minmay_misc_feat_square
D:4:      layout_loops_ring, mainiacjoe_overflow_alcove_1,
          minmay_temple_entry_tees, serial_shops,
          nicolae_shop_competitors_out_of_business,
          cheibrodos_sewer_entry_drain, uniq_sigmund, uniq_blork_the_orc,
          uniq_natasha
D:5:      dreamdust_elfheim, layout_rooms, uniq_grinder, uniq_eustachio
D:6:      minmay_goblin_kobold_castle, layout_basic, lemuel_crystal_altar,
          makhleb_altar_promises_db, gammafunk_ghost_arena, uniq_duvessa
D:7:      layout_gridville, nicolae_overflow_crystal_walls, minmay_ruffians,
          uniq_menkaure
D:8:      layout_rooms, due_lair_maze_entry_diamond, serial_shops, shop,
          grunt_ministairs_1, nicolae_elevator_lobby_asterisk
D:9:      layout_irregular_city, water_maze_lemuel
Lair:1:   layout_gridlike, grunt_megastairs_5, lemuel_fruit_fields
Lair:2:   layout_layer_cave, palyth_hydra_swamp_entry,
          minmay_snake_entry_guardpost_small
Lair:3:   layout_loops_ring, grunt_megastairs_1, serial_bayou_shore_b
Lair:4:   layout_long_grid, basic_altar, gauntlet_entry_generic,
          cheibrodos_lair_lostbears, serial_bayou_shore_a, grunt_megastairs_4
Lair:5:   guppyfry_lair_end_dragon, layout_cave_pods,
          hangedman_lair_caniforms_friends, minmay_slime_entry_oklob_enclosed,
          gammafunk_ghost_ooze, serial_bayou_ford_a, lemuel_fruit_tree,
          uniq_snorg, uniq_urug

Skill      XL: |  1  2  3  4  5  6  7  8  9 10 11 12 13 |
---------------+----------------------------------------+-----
Axes           | 3 4 5 6 7 8 10 11 13 15 | 15.6
Fighting       | 4 5 6 8 9 10 12 | 12.0
Armour         | 3 4 5 6 11 | 11.5
Dodging        | 2 3 4 |  4.2
Throwing       | 1 3 |  3.9
Shields        | 5 6 7 |  7.7

Action                   |  1- 3 |  4- 6 |  7- 9 | 10-12 | 13-15 || total
-------------------------+-------+-------+-------+-------+-------++-------
Melee: Hand axe          |   108 |   126 |   164 |     9 |    29 ||   436
       Punch             |     1 |       |     3 |       |       ||     4
       War axe           |       |       |   160 |   366 |       ||   526
       Broad axe         |       |       |       |    47 |   419 ||   466
Throw: Boomerang         |       |       |    10 |    19 |    16 ||    45
       Javelin           |       |       |       |       |    16 ||    16
Invok: Berserk           |       |     5 |    14 |    17 |    15 ||    51
       Trog's Hand       |       |       |     1 |       |       ||     1
       Brothers in Arms  |       |       |       |     5 |     2 ||     7
  Use: Scroll            |     6 |     2 |    10 |     6 |     3 ||    27
       Potion            |     2 |     1 |     5 |     3 |     1 ||    12
 Stab: Petrified         |       |       |       |       |     8 ||     8
Armor: Animal skin       |    29 |     3 |       |       |       ||    32
       Ring mail         |       |    41 |    16 |       |       ||    57
       Chain mail        |       |       |   146 |   158 |       ||   304
       Plate armour      |       |       |       |    99 |   201 ||   300
Dodge: Dodged            |    48 |    70 |   121 |   211 |   206 ||   656
Block: Buckler           |       |       |       |   101 |    96 ||   197

Table legend:
 A = Non-vault XP
 B = Vault XP
 C = Vault XP percentage of total XP
 D = Non-vault monster count
 E = Vault monster count
 F = Vault count percentage of total count
                 A         B        C        D         E       F
            +---------+---------+-------+---------+---------+-------
      Total |   37804 |   13524 |  26.3 |     295 |     147 |  33.3
            +---------+---------+-------+---------+---------+-------
        D:1 |      33 |       0 |   0.0 |      20 |       0 |   0.0
        D:2 |      49 |      37 |  43.0 |      22 |       1 |   4.3
        D:3 |      99 |       0 |   0.0 |       6 |       0 |   0.0
        D:4 |     174 |     359 |  67.4 |      13 |       6 |  31.6
        D:5 |     403 |     690 |  63.1 |      16 |       4 |  20.0
        D:6 |    1121 |     148 |  11.7 |      31 |      59 |  65.6
        D:7 |    1332 |    1037 |  43.8 |      27 |       6 |  18.2
        D:8 |    1300 |    1348 |  50.9 |      17 |      11 |  39.3
        D:9 |    1759 |       0 |   0.0 |      27 |       0 |   0.0
     Lair:1 |    7096 |      96 |   1.3 |      29 |       1 |   3.3
     Lair:2 |    2513 |    2377 |  48.6 |       9 |       6 |  40.0
     Lair:3 |    6045 |    1021 |  14.4 |      29 |       3 |   9.4
     Lair:4 |    6961 |     776 |  10.0 |      17 |       4 |  19.0
     Lair:5 |    8919 |    5287 |  37.2 |      32 |      19 |  37.3
      Sewer |       0 |     348 | 100.0 |       0 |      27 | 100.0
            +---------+---------+-------+---------+---------+-------
